 Dungeon Crawl Stone Soup version 0.30-a0-272-gf98c3da03f (webtiles) character file.

Game seed: 6538543144563457404

82 Zonian the Magician (level 4, -12/31 HPs)
             Began as a Djinni Ice Elementalist on Oct 15, 2022.
             Mangled by a gnoll
             ... wielding a +0 halberd
              (14 damage)
             ... on level 3 of the Dungeon.
             The game lasted 00:04:23 (2882 turns).

Zonian the Magician (Djinni Ice Elementalist)       Turns: 2882, Time: 00:04:24

Health: -12/31     AC:  2    Str:  7    XL:     4   Next: 70%
Gold:   83         EV: 13    Int: 18    God:
                   SH:  0    Dex: 14

rFire   + + .      SeeInvis .    b - +0 dagger
rCold   x . .      Faith    .    (no shield)
rNeg    . . .      Spirit   .    a - +0 robe
rPois   ∞          Reflect  .    (no helmet)
rElec   .          Harm     .    (no cloak)
rCorr   +          Rampage  .    (no gloves)
Will    .....                    (boots unavailable)
Stlth   ++........               (no amulet)
HPRegen 0.25/turn                i - ring of resist corrosion
MPRegen 0.00/turn                (no ring)

@: flying
A: sickness immunity, fire resistance 2, cold vulnerability 1, float, innate
caster, HP casting, extra vitality 1
a: no special abilities


You were on level 3 of the Dungeon.
You visited 1 branch of the dungeon, and saw 3 of its levels.

You collected 83 gold pieces.

Inventory:

Hand Weapons
 b - a +0 dagger (weapon)
Armour
 a - a +0 robe (worn)
 g - a +0 buckler
Jewellery
 i - a ring of resist corrosion (left hand)
Scrolls
 e - a scroll of teleportation {unknown}
 f - 2 scrolls of identify {unknown}
 h - a scroll of enchant armour {unknown}
 j - a scroll of vulnerability {unknown}
 k - a scroll of poison {unknown}
 m - a scroll of torment {unknown}
Potions
 c - 2 potions of curing {unknown}
 d - 4 potions of haste {unknown}
 l - a potion of flight {unknown}
 n - a potion of attraction {unknown}


   Skills:
 + Level 3.3 Dodging
 + Level 2.6 Stealth
 + Level 3.7 Spellcasting


You couldn't memorise any spells.
You knew the following spells:

 Your Spells              Type           Power      Damage    Failure   Level
a - Freeze                Ice            64%        1d7       3%          1
b - Frozen Ramparts       Ice            32%        1d5       10%         3
c - Ozocubu's Armour      Ice            16%        N/A       10%         3
d - Summon Ice Beast      Ice/Summ       16%        N/A       32%         4
e - Apportation           Tloc           32%        N/A       3%          1
Your spell library was empty.

Dungeon Overview and Level Annotations

Branches:
Dungeon (3/15)

Altars:


Innate Abilities, Weirdness & Mutations

You are immune to sickness and miasma.
You are immune to poison.
Your flesh is very heat resistant. (rF++)
You are vulnerable to cold. (rC-)
You float through the air rather than walking.
You learn spells naturally, not from books.
Your magical power is your life essence.
You have superior vitality. (+4 MHP)


Message History

Unknown command.
The hound attacks as you move away! The hound closely misses you.
Found 5 gold pieces.
The hound stops to sniff the ground.
The hound bites you.
* * * LOW HITPOINT WARNING * * *
The hound attacks as you move away! The hound closely misses you.
The hound bites you.
* * * LOW HITPOINT WARNING * * *
You are too injured to fight recklessly!
Unknown command.
Casting: Freeze (safe; 3% risk of failure)
Confirm with . or Enter, or press ? or * to list all spells.
Aiming: Freeze (safe; 3% risk of failure)
Press: ? - help, Shift-Dir - straight line, f/p - hound
Aim: a hound (severely wounded)
You freeze the hound.
The hound is severely wounded.
* * * LOW HITPOINT WARNING * * *
The hound bites you.
* * * LOW HITPOINT WARNING * * *
The hound closely misses you.
Casting: Freeze (safe; 3% risk of failure)
Confirm with . or Enter, or press ? or * to list all spells.
Aiming: Freeze (safe; 3% risk of failure)
Press: ? - help, Shift-Dir - straight line, f/p - hound
Aim: a hound (severely wounded)
You freeze the hound!
You kill the hound!
* * * LOW HITPOINT WARNING * * *
Unknown command.
You aren't carrying any items that you can evoke.
Unknown command.
The hound bites you but does no damage. The hound attacks as you move away!
The hound closely misses you. The hound attacks as you move away!
The hound misses you. The hound bites you.
* * * LOW HITPOINT WARNING * * *
The gnoll barely misses you.
The gnoll hits you from afar with a +0 halberd!
You die...

#....)....#..# ...
######...#.#......##.._..
.....#...................
####.#####.#.............
####....##.###..##...###.
...#..#.##..[#..#.P...#P
##.#.....<##.#..#.P.....
#.#....##...#..#$....P.P
#.##..#..)....>@.###...#
#.....#.#......h## ####
#.......#....g..#
#..##...........#
.#P......#.#.##..##
.'...#.#...#......#
+#P.....g########..#
#..##...# #..# #..######
#.#


You could see a hound and a gnoll.

Vanquished Creatures
  A hound (D:3)
  A worm (D:2)
  3 ball pythons (D:2)
  An endoplasm (D:1)
  5 hobgoblins
  8 jackals
  3 quokkas
  4 bats
  4 frilled lizards
  5 goblins
  5 kobolds
  2 rats (D:1)
42 creatures vanquished.

Vanquished Creatures (others)
  167 plants (D:1)
167 creatures vanquished.

Grand Total: 209 creatures vanquished

Notes
Turn   | Place    | Note
-------+----------+-------------------------------------------
     0 | D:1      | Zonian the Djinni Ice Elementalist began the quest for the
                  | Orb.
     0 | D:1      | Zonian set off with the following spells memorised: Freeze,
                  | Frozen Ramparts, Ozocubu's Armour, Summon Ice Beast.
     0 | D:1      | Reached XP level 1. HP: 15/15 MP: 0/0
   158 | D:1      | Reached XP level 2. HP: 16/21 MP: 0/0
   653 | D:1      | Reached XP level 3. HP: 18/25 MP: 0/0
   653 | D:1      | Learned a level 1 spell: Apportation
  2326 | D:2      | Reached XP level 4. HP: 21/31 MP: 0/0
  2882 | D:3      | Mangled by a gnoll

Illustrated notes

Levels and vault maps discovered:
D:1:      roderic_crop_circles_arrival_large, layout_basic
D:2:      layout_loops_ring, hangedman_decor_slide_cut
D:3:      layout_basic, okawaru_gym_becter, kiku_gazebo_garden_becter,
          kennysheep_flooded_box, cheibrodos_gnoll_hut

Skill      XL: |  1  2  3 |
---------------+----------+-----
Stealth        | 2 |  2.6
Dodging        | 3 |  3.3
Spellcasting   | |  3.7

Action                   |  1- 3 |  4- 6 || total
-------------------------+-------+-------++-------
Melee: Dagger            |   103 |     5 ||   108
       Unarmed           |    10 |       ||    10
       Punch             |     3 |     2 ||     5
 Cast: Freeze            |    41 |     6 ||    47
 Stab: Sleeping          |     4 |       ||     4
Armor: Robe              |    29 |     4 ||    33
Dodge: Dodged            |    94 |    21 ||   115

Table legend: (Time is in decaauts)
 A = Elapsed time spent in this place.
 B = Non-inter-level travel time spent in this place.
 C = Inter-level travel time spent in this place.
 D = Time resting spent in this place.
 E = Time spent auto-exploring this place.
 F = Levels seen in this place.
 G = Mean time per level.
                   A        B        C        D        E       F      G
               +--------+--------+--------+--------+--------+-----+--------+
         Total |   2880 |   2783 |     97 |   1271 |   1038 |   3 |  960.0 |
       Dungeon |   2880 |   2783 |     97 |   1271 |   1038 |   3 |  960.0 |
               +--------+--------+--------+--------+--------+-----+--------+

Top non-repeatable levels by time:
     D:1: 1339 daAuts
     D:2: 1326 daAuts
     D:3: 214 daAuts
